 Dungeon Crawl Stone Soup version 0.30.0-20-g3615ddf2f0 (webtiles) character file.

Game seed: 16998168386463789122

179 qw the Chopper (level 5, -10/32 HPs)
             Began as a Gargoyle Fighter on May 27, 2023.
             Mangled by a hobgoblin
             ... wielding a +0 glaive
              (18 damage)
             ... on level 3 of the Dungeon.
             The game lasted 00:01:09 (1661 turns).

qw the Chopper (Gargoyle Fighter)                   Turns: 1661, Time: 00:01:09

Health: -10/32     AC: 13    Str: 22    XL:     5   Next: 59%
Magic:  5/5        EV:  8    Int:  8    God:
Gold:   115        SH:  4    Dex:  9    Spells: 4/4 levels left

rFire   . . .        Y - +1 war axe (drain)
rCold   . . .        c - +0 buckler
rNeg    + . .        k - +0 chain mail
rPois   inf          (no helmet)
rElec   +            (no cloak)
rCorr   .            (no gloves)
SInv    .            (no boots)
Will    .....        (no amulet) Stlth
                     (no ring)
HPRegen 0.25/turn    (no ring)
MPRegen 0.09/turn

%: no passive effects
@: about to teleport
A: sickness immunity, AC +4, negative energy resistance 1, electricity
resistance, torment resistance 1, petrification resistance
a: no special abilities


You were on level 3 of the Dungeon.
You visited 1 branch of the dungeon, and saw 3 of its levels.

You collected 115 gold pieces.


Innate Abilities, Weirdness & Mutations

You are immune to sickness and miasma.
Your stone body is resilient. (AC +4)
You are immune to poison.
You resist negative energy. (rN+)
You are resistant to electric shocks. (rElec)
You are resistant to unholy torment.
You are immune to petrification.


   Skills:
 + Level 3.6 Fighting
 - Level 5.0 Axes
 - Level 3.2 Armour
 - Level 3.2 Shields


You had 4 spell levels left.
You didn't know any spells.
Your spell library was empty.

Inventory:

Hand Weapons
 h - a +0 whip
 Y - a +1 war axe of draining (weapon)
Armour
 c - a +0 buckler (worn)
 k - a +0 chain mail (worn)
Scrolls
 a - 2 scrolls of identify
 b - a scroll of enchant armour {unknown}
 f - 2 scrolls of teleportation
Potions
 d - a potion of might
 g - a potion of heal wounds {unknown}
 i - a potion of resistance {unknown}
 j - a potion of degeneration {unknown}

Dungeon Overview and Level Annotations

Branches:
Dungeon (3/15)

Altars:
Dithmenos
Hepliaklqana
Yredelemnul

Shops:
D:1 =

Annotations:
D:3 Robin


Message History

You kill the goblin!
Robin roars a battlecry!
The goblins go into a battle-frenzy!
You hear a shout! x2
You slash the goblin!
You kill the goblin!
A goblin comes into view. It is wielding a +0 dagger.
A hobgoblin comes into view. It is wielding a +0 glaive.
You closely miss the goblin.
The hobgoblin shouts!
You closely miss the goblin. You block the goblin's attack.
The goblin hits you with a +0 dagger. The goblin barely misses you.
A goblin comes into view. It is wielding a +0 club.
You hit the goblin.
The goblin is severely wounded.
You closely miss the goblin. The goblin hits you with a +0 dagger.
Robin says, "We wiped out the hill dwarves - you're next!"
The goblin barely misses you.
You hit the goblin.
You kill the goblin!
You hit the goblin.
You kill the goblin!
Robin throws the goblin at you!
You slash the goblin!
You kill the goblin!
You closely miss the hobgoblin.
A rat comes into view.
The hobgoblin hits you from afar with a +0 glaive!
Robin roars a battlecry!
The hobgoblin goes into a battle-frenzy!
The hobgoblin hits you from afar with a +0 glaive!
The hobgoblin hits you but does no damage.
1661 ||| READING 3 scrolls of teleportation.
As you read the scroll of teleportation, it crumbles to dust.
You feel strangely unstable.
The hobgoblin hits you from afar with a +0 glaive!!
Ouch! That really hurt!
You die...

.# .# ##.. #..#
#### #.r# ....
#.#####g.#.....
.....gg).#.....
#@g...._.
#..#..... #..# ...
##.# .
######.####.####
...##..).......
#.###.###.####..##
#................
#####.###..######


You could see Robin, 2 hobgoblins, a goblin (strong) and a rat.

Vanquished Creatures
  Natasha (twice) (D:2)
  A gnoll (D:1)
  3 adders (D:2)
  2 worms (D:2)
  A dart slug (D:1)
  An orc (D:3)
  9 ball pythons
  7 endoplasms
  3 giant cockroaches (D:1)
  14 goblins
  7 hobgoblins
  9 jackals
  5 kobolds
  A quokka (D:2)
  5 bats
  4 frilled lizards
  2 rats (D:2)
  A spectral hobgoblin (D:3)
77 creatures vanquished.

Notes
Turn   | Place    | Note
-------+----------+-------------------------------------------
     0 | D:1      | qw the Gargoyle Fighter began the quest for the Orb.
     0 | D:1      | Reached XP level 1. HP: 14/14 MP: 1/1
     0 | D:1      | 0 ||| qw: Version: 0.2-a-99-gce666ed
     0 | D:1      | 0 ||| qw: Game counter: 161
     0 | D:1      | 0 ||| qw: Always use a shield: true
     0 | D:1      | 0 ||| qw: God list: Okawaru
     0 | D:1      | 0 ||| qw: Allow faded altars: false
     0 | D:1      | 0 ||| qw: Do Orc after D:15 true
     0 | D:1      | 0 ||| qw: Do second Lair branch before Depths: true
     0 | D:1      | 0 ||| qw: Lair rune preference: random
     0 | D:1      | 0 ||| qw: Plans: Normal, Zot:1-4, God:TSO, Crypt, Tomb,
                  | Pan, Slime:5, Hells, Abyss, Win
     0 | D:1      | 0 ||| PLANNING D:1-11
    12 | D:1      | 12 ||| Stepping ~*~*~tactically~*~*~ (stealth).
    13 | D:1      | 13 ||| Stepping ~*~*~tactically~*~*~ (stealth).
    14 | D:1      | 14 ||| Stepping ~*~*~tactically~*~*~ (stealth).
    23 | D:1      | Reached skill level 2 in Axes
    38 | D:1      | 38 ||| Stepping ~*~*~tactically~*~*~ (stealth).
    51 | D:1      | Reached XP level 2. HP: 19/19 MP: 2/2
    69 | D:1      | 69 ||| Stepping ~*~*~tactically~*~*~ (stealth).
    79 | D:1      | 79 ||| DROPPING +0 club.
   145 | D:1      | Found Yjapn's Jewellery Emporium.
   174 | D:1      | 174 ||| SHOPLISTING +4 ring of slaying (780 gold, have 10).
   174 | D:1      | 174 ||| SHOPLISTING amulet of regeneration (300 gold, have
                  | 10).
   174 | D:1      | 174 ||| SHOPLISTING amulet of the acrobat (300 gold, have
                  | 10).
   174 | D:1      | 174 ||| SHOPLISTING ring of fire (250 gold, have 10).
   174 | D:1      | 174 ||| SHOPLISTING ring of ice (250 gold, have 10).
   199 | D:1      | Reached skill level 3 in Axes
   237 | D:1      | 237 ||| Stepping ~*~*~tactically~*~*~ (hiding).
   238 | D:1      | 238 ||| Stepping ~*~*~tactically~*~*~ (hiding).
   240 | D:1      | 240 ||| Stepping ~*~*~tactically~*~*~ (hiding).
   241 | D:1      | 241 ||| Stepping ~*~*~tactically~*~*~ (hiding).
   250 | D:1      | Reached XP level 3. HP: 11/23 MP: 3/3
   522 | D:1      | 522 ||| UPGRADING to +0 chain mail.
   532 | D:1      | 532 ||| DROPPING +0 scale mail.
   533 | D:1      | 533 ||| READING scroll labelled CIL XIPIGIH.
   534 | D:1      | 534 ||| READING scroll labelled WYTWEF XIAXECK.
   535 | D:1      | 535 ||| READING scroll labelled VOF COFOUN.
   536 | D:1      | 536 ||| READING scroll labelled AXTU REAHUA.
   537 | D:1      | 537 ||| READING scroll labelled WODUAL INTE.
   717 | D:2      | Found a faded altar of an unknown god.
   730 | D:2      | Reached XP level 4. HP: 28/28 MP: 4/4
   745 | D:2      | Reached skill level 4 in Axes
   938 | D:2      | Found a shadowy altar of Dithmenos.
   987 | D:2      | Noticed Natasha
   988 | D:2      | 988 ||| Stepping ~*~*~tactically~*~*~ (stealth).
   991 | D:2      | 991 ||| Stepping ~*~*~tactically~*~*~ (hiding).
   998 | D:2      | Killed Natasha
  1072 | D:2      | Noticed Natasha
  1081 | D:2      | Killed Natasha
  1082 | D:2      | Reached XP level 5. HP: 25/32 MP: 5/5
  1292 | D:2      | 1292 ||| READING 2 scrolls labelled XIEMAMUIGU.
  1296 | D:2      | 1296 ||| READING scroll labelled XAINUAB SILURR.
  1297 | D:2      | 1297 ||| READING scroll labelled KOOCKA VAXAST.
  1298 | D:2      | 1298 ||| DRINKING 2 silvery potions.
  1299 | D:2      | 1299 ||| READING 2 scrolls of identify.
  1299 | D:2      | 1299 ||| IDENTIFYING orange potion
  1300 | D:2      | 1300 ||| DROPPING potion of berserk rage.
  1301 | D:2      | 1301 ||| DROPPING potion of brilliance.
  1333 | D:3      | 1333 ||| PLANNING SEWER
  1339 | D:3      | 1339 ||| STAIRDANCE
  1433 | D:3      | Reached skill level 5 in Axes
  1446 | D:3      | Found a hazy altar of Hepliaklqana.
  1647 | D:3      | Found a basalt altar of Yredelemnul.
  1652 | D:3      | Identified the +0 helmet of Yracok {rPois rN+++ Will- SInv}
  1652 | D:3      | Noticed Robin
  1660 | D:3      | HP: 7/32 [hobgoblin/+0 glaive (11)]
  1661 | D:3      | 1661 ||| READING 3 scrolls of teleportation.
  1661 | D:3      | Mangled by a hobgoblin

Levels and vault maps discovered:
D:1:      dpeg_arrival_ternary, layout_rooms, serial_shops, shop,
          minmay_bisected
D:2:      layout_basic, nicolae_ecumenical_snake_handling, basic_altar,
          minmay_pentomino_x4, uniq_natasha
D:3:      layout_loops_ring, nicolae_hepliaklqana_monster_ancestors,
          fedhas_altar_4, lemuel_tele_altar, gup_sewer_entry_bubbles, uniq_robin

Skill      XL: |  1  2  3  4  5 |
---------------+----------------+-----
Axes           | 2 3 4 5 |  5.0
Fighting       | |  3.6
Armour         | |  3.2
Shields        | |  3.2

Action                     |  1- 3 |  4- 6 || total
---------------------------+-------+-------++-------
  Melee: War axe           |    69 |    95 ||   164
    Use: Scroll            |     5 |     5 ||    10
         Potion            |       |     1 ||     1
 Armour: Scale mail        |    22 |       ||    22
         Chain mail        |    12 |    55 ||    67
  Dodge: Dodged            |    20 |    29 ||    49
  Block: Buckler           |    15 |    25 ||    40

Table legend:
 A = Non-vault XP
 B = Vault XP
 C = Vault XP percentage of total XP
 D = Non-vault monster count
 E = Vault monster count
 F = Vault count percentage of total count
                 A         B        C        D         E       F
            +---------+---------+-------+---------+---------+-------
      Total |     161 |      96 |  37.4 |      54 |      23 |  29.9
            +---------+---------+-------+---------+---------+-------
        D:1 |      57 |       9 |  13.6 |      23 |       5 |  17.9
        D:2 |      82 |      73 |  47.1 |      19 |      10 |  34.5
        D:3 |      22 |      14 |  38.9 |      12 |       8 |  40.0
            +---------+---------+-------+---------+---------+-------
